[Event "FIDE WYCC Girls U16 2023"]
[Site "Montesilvano"]
[Date "2023.11.13"]
[Round "1.1"]
[White "Lazovic, Emilija"]
[Black "Siekanska, Maria"]
[Result "0-1"]
[ECO "B85"]
[WhiteElo "1690"]
[BlackElo "2180"]
[Annotator "ChessBase"]
[PlyCount "74"]
[EventDate "2023.11.13"]
[EventType "swiss"]
[EventCountry "ITA"]
[SourceTitle "playchess.com"]
[Source "ChessBase"]
[SourceQuality "1"]
[TimeControl "40/5400+30:1800+30"]

1. e4 c5 2. Nf3 d6 3. d4 cxd4 4. Nxd4 Nf6 5. Nc3 a6 6. a4 e6 7. Be2 Nc6 8. Be3 Be7 9. O-O O-O 10. Kh1 Qc7 11. f4 Re8 12. Bf3 Rb8 13. g4 Nxd4 14. Bxd4 e5 15. Ba7 Ra8 16. Be3 exf4 17. Bxf4 Be6 18. Rg1 Nd7 19. Nd5 Bxd5 20. Qxd5 Qxc2 21. g5 Ne5 22. Bxe5 dxe5 23. Rg2 Qc7 24. g6 hxg6 25. Rxg6 Rad8 26. Qb3 Rd6 27. Rg2 Qb6 28. Qa2 Rf6 29. Rg3 Bc5 30. b3 Bf2 31. Rh3 Rd8 32. Rf1 Be3 33. Rg3 Rd2 34. Qb1 Qd4 35. Rg2 Rxf3 36. Rxd2 Rxf1+ 37. Qxf1 Qxd2 0-1

[Event "FIDE WYCC Girls U16 2023"]
[Site "Montesilvano"]
[Date "2023.11.13"]
[Round "1.2"]
[White "Shvedova, Alexandra"]
[Black "Balazs, Sztella Anna"]
[Result "1-0"]
[ECO "B68"]
[WhiteElo "2170"]
[BlackElo "1686"]
[Annotator "ChessBase"]
[PlyCount "77"]
[EventDate "2023.11.13"]
[EventType "swiss"]
[EventCountry "ITA"]
[SourceTitle "playchess.com"]
[Source "ChessBase"]
[SourceQuality "1"]
[TimeControl "40/5400+30:1800+30"]

1. e4 c5 2. Nf3 d6 3. d4 cxd4 4. Nxd4 Nf6 5. Nc3 Nc6 6. Bg5 a6 7. Qd2 e6 8. O-O-O Be7 9. f4 Bd7 10. Nf3 Qc7 11. Bxf6 gxf6 12. f5 b5 13. Kb1 O-O-O 14. Bd3 Kb8 15. Rhe1 Ne5 16. Nd4 Qb6 17. Bf1 b4 18. Nce2 Bf8 19. Qf4 Be7 20. Qh4 Nc6 21. Nb3 a5 22. Nf4 a4 23. Nd2 Ne5 24. Nh5 exf5 25. Nxf6 Be6 26. exf5 Bxf5 27. Qf4 Be6 28. Re4 Nc6 29. Nc4 Qc5 30. Nd2 Kc7 31. Bc4 Bxc4 32. Rxc4 Qe5 33. Qf2 Kb7 34. Ng4 Qg5 35. Rf4 h5 36. Ne3 Rhf8 37. Nf5 Bf6 38. Nc4 d5 39. Qb6+ 1-0

[Event "FIDE WYCC Girls U16 2023"]
[Site "Montesilvano"]
[Date "2023.11.13"]
[Round "1.3"]
[White "Seemann, Pola"]
[Black "Schippke, Manon"]
[Result "0-1"]
[ECO "B33"]
[WhiteElo "1685"]
[BlackElo "2110"]
[Annotator "NA"]
[PlyCount "94"]
[EventDate "2023.11.13"]
[EventType "swiss"]
[EventCountry "ITA"]
[SourceTitle "playchess.com"]
[Source "ChessBase"]
[SourceQuality "1"]
[TimeControl "40/5400+30:1800+30"]

1. e4 c5 2. Nf3 Nc6 3. d4 cxd4 4. Nxd4 Nf6 5. Nc3 e5 6. Ndb5 d6 7. Nd5 Nxd5 8. exd5 Nb8 9. a4 Be7 10. Be2 O-O 11. O-O a6 12. Na3 f5 13. f4 Nd7 14. Kh1 Bf6 15. Nc4 Qc7 16. a5 g6 17. Ra3 Re8 18. Be3 exf4 19. Bxf4 Ne5 20. Nb6 Rb8 21. c4 Bd7 22. b4 Rbd8 23. c5 dxc5 24. Rc3 g5 25. Rxc5 Qb8 26. Bxe5 Rxe5 27. Bd3 f4 28. Qc2 Re7 29. Nxd7 Rexd7 30. Bf5 Re7 31. Be6+ Kg7 32. Qf5 Qe5 33. Qc2 Qd4 34. Rc4 Qe5 35. Rc8 Rxc8 36. Qxc8 Qe2 37. Rc1 Qe3 38. Qg8+ Kh6 39. Qf8+ Bg7 40. Qc8 f3 41. Qc2 Be5 42. Rf1 Rc7 43. Qd1 f2 44. Bg4 Kg7 45. Qe2 Rc1 46. g3 Rxf1+ 47. Qxf1 Qe4+ 0-1

[Event "FIDE WYCC Girls U16 2023"]
[Site "Montesilvano"]
[Date "2023.11.13"]
[Round "1.4"]
[White "Ter-Avetisjana, Agnesa Stepania"]
[Black "Pragnya H G"]
[Result "1/2-1/2"]
[ECO "B56"]
[WhiteElo "2105"]
[BlackElo "1679"]
[Annotator "NA"]
[PlyCount "98"]
[EventDate "2023.11.13"]
[EventType "swiss"]
[EventCountry "ITA"]
[SourceTitle "playchess.com"]
[Source "ChessBase"]
[SourceQuality "1"]
[TimeControl "40/5400+30:1800+30"]

1. e4 c5 2. Nf3 d6 3. Bb5+ Nc6 4. d4 cxd4 5. Nxd4 Bd7 6. Nc3 Nf6 7. O-O g6 8. h3 Bg7 9. Be3 a6 10. Nxc6 Bxc6 11. Bxc6+ bxc6 12. Qd3 O-O 13. Qc4 Qc7 14. f4 Qb7 15. Rfd1 Rfd8 16. Qb3 Rab8 17. e5 Qc7 18. Qc4 Ne8 19. Na4 a5 20. c3 dxe5 21. Rxd8 Qxd8 22. Qxc6 Qd6 23. Qxd6 Nxd6 24. fxe5 Bxe5 25. Rd1 Nc4 26. Bc1 Bc7 27. b3 Nb6 28. Nc5 Bd6 29. Ne4 Be5 30. c4 f5 31. Ng5 Bd6 32. Be3 Nd7 33. Rd5 a4 34. c5 Nf6 35. Rd3 axb3 36. axb3 Bg3 37. Bd2 f4 38. c6 Ra8 39. Kf1 h6 40. c7 Ra1+ 41. Ke2 f3+ 42. Kxf3 Bxc7 43. Ne6 Bb6 44. Be3 Bxe3 45. Rxe3 Rd1 46. Ke2 Rd6 47. Nf4 Kf7 48. Rd3 Rb6 49. Kd2 Rb5 1/2-1/2

[Event "FIDE WYCC Girls U16 2023"]
[Site "Montesilvano"]
[Date "2023.11.13"]
[Round "1.5"]
[White "Helgadottir, Idunn"]
[Black "Zelbova, Lada"]
[Result "0-1"]
[ECO "D12"]
[WhiteElo "1678"]
[BlackElo "2057"]
[Annotator "NA"]
[PlyCount "88"]
[EventDate "2023.11.13"]
[EventType "swiss"]
[EventCountry "ITA"]
[SourceTitle "playchess.com"]
[Source "ChessBase"]
[SourceQuality "1"]
[TimeControl "40/5400+30:1800+30"]

1. d4 d5 2. Nf3 Nf6 3. e3 Bf5 4. c4 e6 5. Nc3 c6 6. Be2 Ne4 7. O-O Nd7 8. Nxe4 dxe4 9. Nd2 Bd6 10. c5 Bc7 11. h3 h5 12. f3 Nf6 13. fxe4 Nxe4 14. Nxe4 Bxe4 15. Bf3 Qd5 16. b4 Bxf3 17. Qxf3 Qxf3 18. gxf3 O-O-O 19. Bb2 Rh6 20. Kf2 g5 21. Rg1 Rg8 22. a4 Rhg6 23. b5 f5 24. Rad1 g4 25. fxg4 fxg4 26. hxg4 h4 27. Bc3 h3 28. g5 Rf8+ 29. Ke2 h2 30. Rg2 Rf5 31. Rh1 Rfxg5 32. Rxg5 Rxg5 33. Kf2 cxb5 34. axb5 b6 35. Bb4 Kb7 36. Ba3 Kc8 37. Bb4 Kb8 38. Ba3 Kc8 39. Bb4 Bb8 40. Ba3 Kd7 41. Bb4 Ke8 42. Ba3 Kf7 43. e4 Bf4 44. Rf1 Rg1 0-1

[Event "FIDE WYCC Girls U16 2023"]
[Site "Montesilvano"]
[Date "2023.11.13"]
[Round "1.6"]
[White "Peglau, Charis"]
[Black "Mickunaite, Agne"]
[Result "1-0"]
[ECO "A31"]
[WhiteElo "2045"]
[BlackElo "1673"]
[Annotator "NA"]
[PlyCount "68"]
[EventDate "2023.11.13"]
[EventType "swiss"]
[EventCountry "ITA"]
[SourceTitle "playchess.com"]
[Source "ChessBase"]
[SourceQuality "1"]
[TimeControl "40/5400+30:1800+30"]

1. d4 Nf6 2. c4 c5 3. Nf3 cxd4 4. Nxd4 e5 5. Nb5 d5 6. cxd5 Bc5 7. e3 O-O 8. N5c3 Bf5 9. Be2 Nbd7 10. Nd2 Nb6 11. e4 Bg6 12. O-O Rc8 13. Kh1 Bb4 14. f3 Nh5 15. a3 Bc5 16. Nb3 Qh4 17. Qe1 Qxe1 18. Rxe1 Bf2 19. Rf1 Bh4 20. g4 Nf4 21. Bxf4 exf4 22. Na5 Bf6 23. Rac1 Nd7 24. Na4 Rxc1 25. Rxc1 Be5 26. Nxb7 Rb8 27. Na5 Bxb2 28. Nxb2 Rxb2 29. Rc8+ Nf8 30. Nc6 h6 31. Ne7+ Kh7 32. Rxf8 Rxe2 33. d6 Rd2 34. Nd5 Bxe4 1-0

[Event "FIDE WYCC Girls U16 2023"]
[Site "Montesilvano"]
[Date "2023.11.13"]
[Round "1.7"]
[White "Zhanybekova, Begimay"]
[Black "Bochnickova, Simona"]
[Result "1/2-1/2"]
[ECO "C63"]
[WhiteElo "1664"]
[BlackElo "2043"]
[Annotator "NA"]
[PlyCount "80"]
[EventDate "2023.11.13"]
[EventType "swiss"]
[EventCountry "ITA"]
[SourceTitle "playchess.com"]
[Source "ChessBase"]
[SourceQuality "1"]
[TimeControl "40/5400+30:1800+30"]

1. e4 e5 2. Nf3 Nc6 3. Bb5 f5 4. d3 fxe4 5. dxe4 d6 6. Nc3 Nf6 7. Bg5 Be7 8. Qe2 O-O 9. Bc4+ Kh8 10. Bxf6 Bxf6 11. h3 Nd4 12. Qd3 Bh4 13. Nxh4 Qxh4 14. Qd2 c6 15. O-O-O b5 16. Bd3 Qxf2 17. Ne2 Qxg2 18. Rhg1 Qf2 19. Qg5 Nxe2+ 20. Bxe2 Qf4+ 21. Qxf4 Rxf4 22. Rxd6 Bxh3 23. Rxc6 a6 24. Bd3 Rg4 25. Rd1 Rg3 26. Be2 g5 27. Rd5 g4 28. Rxe5 Rd8 29. Bd3 Rg1+ 30. Kd2 g3 31. Rg5 g2 32. Rh6 Rg8 33. Rhh5 Bg4 34. Rxg8+ Kxg8 35. Rg5+ Kf7 36. Rxg4 h5 37. Rg5 Kf6 38. Rg8 Kf7 39. Rg5 Kf6 40. Rg8 Kf7 1/2-1/2

[Event "FIDE WYCC Girls U16 2023"]
[Site "Montesilvano"]
[Date "2023.11.13"]
[Round "1.8"]
[White "Kheerthi Ganta"]
[Black "Sawan, Eman"]
[Result "1-0"]
[ECO "E92"]
[WhiteElo "2030"]
[BlackElo "1662"]
[Annotator "NA"]
[PlyCount "62"]
[EventDate "2023.11.13"]
[EventType "swiss"]
[EventCountry "ITA"]
[SourceTitle "playchess.com"]
[Source "ChessBase"]
[SourceQuality "1"]
[TimeControl "40/5400+30:1800+30"]

1. d4 Nf6 2. c4 g6 3. Nc3 Bg7 4. e4 d6 5. Be2 O-O 6. Nf3 e5 7. Be3 exd4 8. Nxd4 Re8 9. f3 c6 10. Qd2 d5 11. exd5 cxd5 12. O-O-O Nc6 13. Rhe1 Qa5 14. Nb3 Qd8 15. cxd5 Nb4 16. Bc5 a5 17. a3 Na6 18. Bf2 Bd7 19. Kb1 Bf5+ 20. Bd3 Rxe1 21. Qxe1 Qd7 22. g4 Bxd3+ 23. Rxd3 a4 24. Nc5 Nxc5 25. Bxc5 Qc7 26. Qf2 Nd7 27. Bd4 Qc4 28. Qe3 Bh6 29. Qe4 b5 30. Be3 Qxe4 31. Nxe4 Ne5 1-0

[Event "FIDE WYCC Girls U16 2023"]
[Site "Montesilvano"]
[Date "2023.11.13"]
[Round "1.9"]
[White "Omeri, Eklea"]
[Black "Szczotka, Klara"]
[Result "1/2-1/2"]
[ECO "D00"]
[WhiteElo "1660"]
[BlackElo "2020"]
[Annotator "NA"]
[PlyCount "118"]
[EventDate "2023.11.13"]
[EventType "swiss"]
[EventCountry "ITA"]
[SourceTitle "playchess.com"]
[Source "ChessBase"]
[SourceQuality "1"]
[TimeControl "40/5400+30:1800+30"]

1. d4 Nf6 2. Bg5 d5 3. Bxf6 exf6 4. e3 Bd6 5. Bd3 O-O 6. Nd2 c6 7. Ngf3 f5 8. O-O g6 9. c4 dxc4 10. Nxc4 Bc7 11. Rc1 Nd7 12. Qc2 Nf6 13. a3 Be6 14. h3 Bd5 15. Ncd2 Qe7 16. Rfe1 Ne4 17. Bc4 Rad8 18. b4 a6 19. Nb3 Bb8 20. Nc5 Rfe8 21. a4 g5 22. Nd2 Qc7 23. Nf1 Bxc4 24. Qxc4 Rd5 25. Nxe4 fxe4 26. Qxd5 cxd5 27. Rxc7 Bxc7 28. Rc1 Bd6 29. b5 axb5 30. axb5 Ra8 31. Ng3 Ra5 32. Rc8+ Bf8 33. b6 Rb5 34. Nf5 Rxb6 35. Ne7+ Kg7 36. Nxd5 Rb1+ 37. Kh2 b5 38. g3 h5 39. Kg2 b4 40. Rb8 f5 41. Rb7+ Kg6 42. g4 fxg4 43. hxg4 hxg4 44. Nc3 Rb2 45. Nxe4 Kf5 46. Ng3+ Ke6 47. e4 Rd2 48. Nf5 Rd3 49. Kf1 b3 50. Ke2 Rc3 51. Ne3 Ba3 52. Kd2 Bb2 53. Nd1 Rc2+ 54. Kd3 Bxd4 55. Rxb3 Rc1 56. Kxd4 Rxd1+ 57. Rd3 Rf1 58. Rd2 Ra1 59. Rb2 Ra4+ 1/2-1/2

[Event "FIDE WYCC Girls U16 2023"]
[Site "Montesilvano"]
[Date "2023.11.13"]
[Round "1.10"]
[White "Lobo Pereira, Arami"]
[Black "Jansone, Melanija Luize"]
[Result "0-1"]
[ECO "E73"]
[WhiteElo "2013"]
[BlackElo "1658"]
[Annotator "NA"]
[PlyCount "88"]
[EventDate "2023.11.13"]
[EventType "swiss"]
[EventCountry "ITA"]
[SourceTitle "playchess.com"]
[Source "ChessBase"]
[SourceQuality "1"]
[TimeControl "40/5400+30:1800+30"]

1. d4 Nf6 2. c4 g6 3. Nc3 Bg7 4. e4 d6 5. Be2 O-O 6. Be3 e5 7. d5 Na6 8. h4 h5 9. f3 c6 10. Nh3 cxd5 11. cxd5 Bxh3 12. Rxh3 Nc5 13. Rh1 a6 14. b4 Ncd7 15. a4 Rc8 16. Qb3 Kh7 17. g4 a5 18. g5 Ne8 19. Nb5 axb4 20. Qxb4 Nc5 21. Rc1 Na6 22. Rxc8 Qxc8 23. Qc4 Qd7 24. Kf2 Nec7 25. Nxc7 Nxc7 26. Kg2 Na6 27. Rc1 f6 28. Qb5 Qf7 29. Qb6 fxg5 30. hxg5 Qd7 31. a5 Nc5 32. Bxc5 dxc5 33. Rxc5 Qe7 34. Rc7 Qxg5+ 35. Kf2 h4 36. Qxb7 Rg8 37. Qb1 Qg3+ 38. Ke3 h3 39. Kd3 h2 40. Rc1 Qf2 41. Qb6 Qg2 42. Qb1 Bh6 43. Rh1 Qg5 44. Qa2 Rc8 0-1

[Event "FIDE WYCC Girls U16 2023"]
[Site "Montesilvano"]
[Date "2023.11.13"]
[Round "1.11"]
[White "Kanishka S"]
[Black "Kaldarova, Ayaulym"]
[Result "0-1"]
[ECO "A10"]
[WhiteElo "1656"]
[BlackElo "2005"]
[Annotator "NA"]
[PlyCount "65"]
[EventDate "2023.11.13"]
[EventType "swiss"]
[EventCountry "ITA"]
[SourceTitle "playchess.com"]
[Source "ChessBase"]
[SourceQuality "1"]
[TimeControl "40/5400+30:1800+30"]

1. c4 b6 2. Nc3 Bb7 3. e4 e5 4. Nge2 Nf6 5. d3 Bc5 6. Ng3 Nc6 7. Be2 Nd4 8. O-O O-O 9. Kh1 Ne6 10. Be3 Re8 11. Qd2 c6 12. Bxc5 bxc5 13. Nf5 d6 14. g3 d5 15. Rad1 Nd4 16. Nh4 Qe7 17. Rde1 Rad8 18. Qc1 Bc8 19. f4 Bh3 20. Rf2 dxe4 21. dxe4 exf4 22. Rxf4 g5 23. Rf2 Nxe4 24. Nxe4 Qxe4+ 25. Ng2 h6 26. Kg1 Bxg2 27. Rxg2 Nf3+ 28. Bxf3 Qxe1+ 29. Qxe1 Re4 30. Qe2 Rxe2 31. Bxc6 Rxb2 32. Rd2 Rbxd2 33. Bg2 0-1

[Event "FIDE WYCC Girls U16 2023"]
[Site "Montesilvano"]
[Date "2023.11.13"]
[Round "1.12"]
[White "Trunz, Michelle"]
[Black "Vu Tran, Tue Anh"]
[Result "1-0"]
[ECO "D45"]
[WhiteElo "1997"]
[BlackElo "1656"]
[Annotator "NA"]
[PlyCount "49"]
[EventDate "2023.11.13"]
[EventType "swiss"]
[EventCountry "ITA"]
[SourceTitle "playchess.com"]
[Source "ChessBase"]
[SourceQuality "1"]
[TimeControl "40/5400+30:1800+30"]

1. d4 d5 2. c4 e6 3. Nc3 c6 4. e3 Nf6 5. Nf3 g6 6. b3 Qa5 7. Bd2 dxc4 8. bxc4 Bg7 9. Be2 O-O 10. O-O Qc7 11. Rc1 b6 12. Ne5 Nfd7 13. f4 Bb7 14. Bf3 Rd8 15. Qe2 a6 16. Be1 c5 17. Bh4 Bf6 18. Bxb7 Qxb7 19. Qf2 cxd4 20. exd4 Bxh4 21. Qxh4 Nc6 22. Nxf7 Kxf7 23. Qxh7+ Ke8 24. Ne4 Qb8 25. Ng5 1-0

[Event "FIDE WYCC Girls U16 2023"]
[Site "Montesilvano"]
[Date "2023.11.13"]
[Round "1.13"]
[White "Dobsa, Emma"]
[Black "Tejaswini G"]
[Result "0-1"]
[ECO "B90"]
[WhiteElo "1653"]
[BlackElo "1956"]
[Annotator "NA"]
[PlyCount "82"]
[EventDate "2023.11.13"]
[EventType "swiss"]
[EventCountry "ITA"]
[SourceTitle "playchess.com"]
[Source "ChessBase"]
[SourceQuality "1"]
[TimeControl "40/5400+30:1800+30"]

1. e4 c5 2. Nf3 d6 3. d4 cxd4 4. Nxd4 Nf6 5. Nc3 a6 6. f3 e5 7. Nb3 Be6 8. Be3 Be7 9. Qd2 h5 10. Nd5 Nxd5 11. exd5 Bf5 12. Be2 Nd7 13. O-O a5 14. a4 O-O 15. c4 Bg6 16. Nc1 Rc8 17. b3 Nc5 18. Bxc5 Rxc5 19. Nd3 Bg5 20. f4 Bxd3 21. Qxd3 Bxf4 22. g3 Bh6 23. Bxh5 Qg5 24. Be2 f5 25. Rf2 e4 26. Qc2 Qf6 27. Rff1 Rc7 28. Rae1 Be3+ 29. Kh1 Qd4 30. Rd1 Qe5 31. Rde1 Bc5 32. Rf4 g5 33. Rff1 Bb4 34. Rd1 Rh7 35. Rg1 Kh8 36. Rdf1 Bc5 37. Rg2 f4 38. gxf4 gxf4 39. Rg4 f3 40. Bxf3 exf3 41. Re4 Qg7 0-1

[Event "FIDE WYCC Girls U16 2023"]
[Site "Montesilvano"]
[Date "2023.11.13"]
[Round "1.14"]
[White "Shubhi Gupta"]
[Black "Nguyen, Ngoc Hien"]
[Result "1-0"]
[ECO "D00"]
[WhiteElo "1940"]
[BlackElo "1642"]
[Annotator "NA"]
[PlyCount "113"]
[EventDate "2023.11.13"]
[EventType "swiss"]
[EventCountry "ITA"]
[SourceTitle "playchess.com"]
[Source "ChessBase"]
[SourceQuality "1"]
[TimeControl "40/5400+30:1800+30"]

1. d4 e6 2. Nc3 d5 3. Bf4 Bd6 4. e3 Bxf4 5. exf4 Ne7 6. Bd3 Nf5 7. Bxf5 exf5 8. Qe2+ Kf8 9. O-O-O c6 10. Nf3 h6 11. Ne5 Nd7 12. Rhe1 Nxe5 13. Qxe5 Be6 14. Rd3 Qd7 15. Rg3 Rg8 16. Qe2 Qd6 17. Qd2 Re8 18. h4 b6 19. Ne2 Bd7 20. Re3 Rxe3 21. Qxe3 f6 22. Ng3 Kf7 23. Qf3 Re8 24. Rxe8 Kxe8 25. c3 Kf8 26. Ne2 c5 27. Qe3 Bb5 28. Ng1 Bc4 29. a3 a5 30. Nf3 Bb5 31. h5 Be8 32. Nh4 cxd4 33. Qxd4 Qe6 34. Qe3 Qxe3+ 35. fxe3 Bxh5 36. Nxf5 Bg6 37. Nd6 Be4 38. g3 Ke7 39. Nc8+ Ke6 40. Kd2 Kf5 41. Ke2 Kg4 42. Kf2 b5 43. Nd6 g5 44. Nxb5 h5 45. fxg5 fxg5 46. Nd6 a4 47. c4 h4 48. gxh4 gxh4 49. c5 Bd3 50. c6 h3 51. c7 Ba6 52. c8=Q+ Bxc8 53. Nxc8 h2 54. Kg2 h1=Q+ 55. Kxh1 Kf3 56. Nb6 Kxe3 57. Nxd5+ 1-0

[Event "FIDE WYCC Girls U16 2023"]
[Site "Montesilvano"]
[Date "2023.11.13"]
[Round "1.15"]
[White "Chang, Yolanda"]
[Black "Peglau, Dora"]
[Result "0-1"]
[ECO "B22"]
[WhiteElo "1639"]
[BlackElo "1937"]
[Annotator "NA"]
[PlyCount "82"]
[EventDate "2023.11.13"]
[EventType "swiss"]
[EventCountry "ITA"]
[SourceTitle "playchess.com"]
[Source "ChessBase"]
[SourceQuality "1"]
[TimeControl "40/5400+30:1800+30"]

1. e4 c5 2. c3 d5 3. exd5 Qxd5 4. Nf3 Nf6 5. Na3 Bg4 6. Be2 Nc6 7. d4 cxd4 8. Nb5 Rc8 9. Nbxd4 Nxd4 10. cxd4 e6 11. Qa4+ Nd7 12. Be3 a6 13. O-O Be7 14. h3 Bh5 15. g4 Bg6 16. Ne5 Be4 17. Rfc1 Rd8 18. Rc7 f6 19. Nxd7 Rxd7 20. Bf4 Qxd4 21. Rc8+ Bd8 22. Rc4 Qxb2 23. Rxe4 Qxa1+ 24. Kg2 Be7 25. Rxe6 Qd4 26. Rxe7+ Kxe7 27. Qa3+ Kf7 28. Be3 Qd5+ 29. Bf3 Qd3 30. Qc5 Re8 31. Qh5+ Qg6 32. Qc5 Kg8 33. h4 h5 34. g5 Rde7 35. Kh2 Re5 36. Qc4+ Qf7 37. Qe2 fxg5 38. hxg5 Qf4+ 39. Kh3 Qf5+ 40. Kh2 Qf4+ 41. Kh3 Rxe3 0-1

[Event "FIDE WYCC Girls U16 2023"]
[Site "Montesilvano"]
[Date "2023.11.13"]
[Round "1.16"]
[White "Tokarz, Izabela"]
[Black "Kawa, Anna"]
[Result "1-0"]
[ECO "E73"]
[WhiteElo "1931"]
[BlackElo "1622"]
[Annotator "NA"]
[PlyCount "67"]
[EventDate "2023.11.13"]
[EventType "swiss"]
[EventCountry "ITA"]
[SourceTitle "playchess.com"]
[Source "ChessBase"]
[SourceQuality "1"]
[TimeControl "40/5400+30:1800+30"]

1. d4 Nf6 2. c4 g6 3. Nc3 Bg7 4. e4 d6 5. Be2 O-O 6. Be3 Nc6 7. d5 Nb8 8. g4 c5 9. h4 Qa5 10. Bd2 Bd7 11. h5 Na6 12. f4 Qd8 13. f5 Nc7 14. Qc1 e6 15. hxg6 fxg6 16. g5 Nxe4 17. Nxe4 exd5 18. f6 dxe4 19. fxg7 Rf7 20. Bc3 Ne6 21. Bf6 Qe8 22. Qc3 Nxg7 23. Nh3 Bf5 24. Nf4 Qd7 25. Nd5 Ne8 26. Qg3 Be6 27. Bc3 Bxd5 28. cxd5 Ng7 29. Bxg7 Rxg7 30. Bg4 Qb5 31. Be6+ Kh8 32. Qc3 Rf8 33. Rxh7+ Kxh7 34. Qh3# 1-0

[Event "FIDE WYCC Girls U16 2023"]
[Site "Montesilvano"]
[Date "2023.11.13"]
[Round "1.17"]
[White "Regidor, Kaye Lalaine"]
[Black "Deak-Sala, Emilia"]
[Result "1-0"]
[ECO "B31"]
[WhiteElo "1598"]
[BlackElo "1927"]
[Annotator "NA"]
[PlyCount "105"]
[EventDate "2023.11.13"]
[EventType "swiss"]
[EventCountry "ITA"]
[SourceTitle "playchess.com"]
[Source "ChessBase"]
[SourceQuality "1"]
[TimeControl "40/5400+30:1800+30"]

1. e4 c5 2. Nc3 Nc6 3. Bb5 g6 4. Nf3 Bg7 5. O-O Nd4 6. Re1 Nxb5 7. Nxb5 d6 8. h3 a6 9. Nc3 e5 10. Nd5 Ne7 11. d4 Nxd5 12. exd5 cxd4 13. Qxd4 O-O 14. Qb4 a5 15. Qb3 h6 16. Be3 Ra6 17. Nd2 f5 18. Nc4 a4 19. Qb4 Qh4 20. f3 f4 21. Bf2 Qh5 22. Nxd6 Bxh3 23. gxh3 Qxf3 24. Qc3 Qh5 25. Ne4 g5 26. Bc5 Rf7 27. Bd6 Kh7 28. Bxe5 Bxe5 29. Qxe5 Qxh3 30. Nf2 Qg3+ 31. Kf1 h5 32. Qe4+ Rg6 33. Qg2 h4 34. Ne4 Qxg2+ 35. Kxg2 g4 36. Rh1 h3+ 37. Kf1 Re7 38. Nf2 Kg8 39. Re1 Rd7 40. c4 g3 41. Rxh3 gxf2 42. Kxf2 b5 43. b3 axb3 44. axb3 bxc4 45. bxc4 Kg7 46. Rh4 Rf6 47. Kf3 Rc7 48. Rg1+ Rg6 49. Rxg6+ Kxg6 50. Rxf4 Kg5 51. Ke3 Re7+ 52. Re4 Rd7 53. Kd4 1-0

[Event "FIDE WYCC Girls U16 2023"]
[Site "Montesilvano"]
[Date "2023.11.13"]
[Round "1.18"]
[White "Bondar, Daria"]
[Black "Glover, Sharon"]
[Result "1-0"]
[ECO "C64"]
[WhiteElo "1908"]
[BlackElo "1584"]
[Annotator "NA"]
[PlyCount "77"]
[EventDate "2023.11.13"]
[EventType "swiss"]
[EventCountry "ITA"]
[SourceTitle "playchess.com"]
[Source "ChessBase"]
[SourceQuality "1"]
[TimeControl "40/5400+30:1800+30"]

1. e4 e5 2. Nf3 Nc6 3. Bb5 Bc5 4. O-O Nd4 5. Nxd4 Bxd4 6. c3 Bb6 7. d4 c6 8. Ba4 d6 9. Be3 Nf6 10. Bc2 O-O 11. Nd2 Ng4 12. Nc4 Nxe3 13. Nxe3 Qg5 14. Qd3 Bc7 15. g3 Bh3 16. Ng2 Rad8 17. f4 exf4 18. Rxf4 Bxg2 19. Kxg2 g6 20. Raf1 d5 21. e5 f5 22. h4 Qe7 23. h5 c5 24. Rh1 Kg7 25. Qf3 cxd4 26. cxd4 Qb4 27. Qd3 b5 28. Bb3 Ba5 29. Rd1 Bc7 30. a3 Qa5 31. Rc1 Bb6 32. hxg6 hxg6 33. Rc6 Rc8 34. Bxd5 Rxc6 35. Bxc6 a6 36. b4 Qa4 37. d5 Rd8 38. e6 Kf8 39. d6 1-0

[Event "FIDE WYCC Girls U16 2023"]
[Site "Montesilvano"]
[Date "2023.11.13"]
[Round "1.19"]
[White "Bruntse, Caroline Lindegaard"]
[Black "Sippola, Sara-Olivia"]
[Result "1/2-1/2"]
[ECO "D36"]
[WhiteElo "1568"]
[BlackElo "1907"]
[Annotator "ChessBase"]
[PlyCount "210"]
[EventDate "2023.11.13"]
[EventType "swiss"]
[EventCountry "ITA"]
[SourceTitle "playchess.com"]
[Source "ChessBase"]
[SourceQuality "1"]
[TimeControl "40/5400+30:1800+30"]

1. d4 d5 2. c4 e6 3. Nc3 Nf6 4. cxd5 exd5 5. Bg5 c6 6. e3 h6 7. Bh4 Be7 8. Nf3 O-O 9. h3 Re8 10. Bd3 Nbd7 11. O-O Ne4 12. Bxe7 Qxe7 13. Qc2 g6 14. a3 a5 15. a4 Kg7 16. Nd2 Nxd2 17. Qxd2 Nb6 18. b3 Qg5 19. Kh1 h5 20. Rac1 Bf5 21. Bxf5 Qxf5 22. Qc2 Qf6 23. Ne2 Nc8 24. Nf4 Nd6 25. Nd3 Ne4 26. Nc5 Re7 27. Kg1 Nd6 28. Qc3 Qg5 29. Qd2 Nf5 30. Kh1 Nd6 31. Kg1 Kh7 32. Kh1 Nf5 33. Qc2 Rc8 34. Qc3 b6 35. Nd3 Nd6 36. Ne1 Ne4 37. Nf3 Qf5 38. Qc2 c5 39. Kg1 Rec7 40. Qb2 Qf6 41. Rc2 Qe6 42. Rfc1 Qe8 43. Nd2 Nxd2 44. Rxd2 c4 45. Rdc2 Qe6 46. Rc3 Kh6 47. Qa3 Kg7 48. Qb2 Kh7 49. Qa3 Rc6 50. Qb2 R8c7 51. Qb1 f5 52. Qb2 Kg8 53. Qb1 Kf7 54. Qb2 g5 55. Qc2 Kf6 56. g3 h4 57. Kg2 hxg3 58. fxg3 Kg7 59. Kh2 Rc8 60. Kg2 Re8 61. Re1 Rec8 62. Rc1 Re8 63. Re1 Kh6 64. Kh2 f4 65. Qf2 fxg3+ 66. Qxg3 Qf5 67. Rec1 Rec8 68. Qg2 Qe6 69. Rg1 Rg8 70. Qg4 Qf6 71. Qg3 Rf8 72. Rg2 Rfc8 73. Rf2 Qg6 74. Qe5 Qd6 75. Qxd6+ Rxd6 76. Kg3 Kg6 77. Rf3 Rdc6 78. Kg4 Rh8 79. Kg3 Rb8 80. Kg4 Rh8 81. Kg3 Re8 82. Kg4 Re4+ 83. Kg3 Re7 84. Kg4 Rh7 85. Kg3 Rhc7 86. Kg4 Re6 87. Kg3 Rec6 88. Kg4 Re7 89. Kg3 Re4 90. Rf2 Re8 91. Kg4 Re4+ 92. Kg3 Re8 93. Kg4 Re4+ 94. Kg3 Re8 95. Kg4 Rce6 96. Rf3 Re4+ 97. Kg3 Rc8 98. Rf2 Rce8 99. Rf3 Rc8 100. Rf2 Re7 101. Kg4 Re4+ 102. Kg3 Re7 103. Kg4 Re4+ 104. Kg3 Re7 105. Kg4 Re4+ 1/2-1/2

[Event "FIDE WYCC Girls U16 2023"]
[Site "Montesilvano"]
[Date "2023.11.13"]
[Round "1.20"]
[White "Khuslen, Erdenebayar"]
[Black "Conde Mares, Vanya Briseyda"]
[Result "1-0"]
[ECO "D37"]
[WhiteElo "1906"]
[BlackElo "1566"]
[Annotator "NA"]
[PlyCount "75"]
[EventDate "2023.11.13"]
[EventType "swiss"]
[EventCountry "ITA"]
[SourceTitle "playchess.com"]
[Source "ChessBase"]
[SourceQuality "1"]
[TimeControl "40/5400+30:1800+30"]

1. d4 d5 2. c4 e6 3. Nc3 a6 4. cxd5 exd5 5. Nf3 Nf6 6. Bg5 Be7 7. e3 h6 8. Bh4 Nc6 9. Bd3 O-O 10. h3 Nb4 11. Bb1 Ne4 12. Bxe7 Qxe7 13. O-O Rd8 14. a3 Nxc3 15. bxc3 Nc6 16. Qc2 g6 17. c4 Bf5 18. Qc3 Be4 19. Nd2 Bxb1 20. Raxb1 Rab8 21. Rb2 Na7 22. c5 Nb5 23. Qd3 c6 24. Rfb1 Qc7 25. a4 Na7 26. Qc3 Nc8 27. Nb3 b5 28. cxb6 Nxb6 29. Nc5 Qa7 30. Rb3 a5 31. Qb2 Nd7 32. Nxd7 Rxb3 33. Nf6+ Kg7 34. Nh5+ gxh5 35. Qxb3 Qd7 36. Qb6 Rg8 37. Rc1 Kh8 38. Rxc6 1-0